 Dungeon Crawl Stone Soup version 0.31-a0-435-g2c6fae2916 (webtiles) character file.

Game seed: 6158163698292187567

17947 arthad the Summoner (level 12, -9/91 HPs)
             Began as a Barachi Summoner on Aug 1, 2023.
             Was the Champion of Cheibriados.
             Mangled by a fire elemental (13 damage)
             ... led by Azrael
             ... on level 11 of the Dungeon.
             The game lasted 01:06:29 (15106 turns).

arthad the Summoner (Barachi Summoner)             Turns: 15106, Time: 01:06:29

Health: -9/91      AC:  9    Str: 25    XL:     12   Next: 53%
Magic:  9/24       EV: 18    Int: 42    God:    Cheibriados [******]
Gold:   594        SH: 10    Dex: 28    Spells: 0/28 levels left

rFire   . . .        h - +8 whip of Action {protect, Fragile Will+++ Int+4 SInv}
rCold   . . .        c - +3 warlock's mirror {omnireflect}
rNeg    + . .        I - +0 acid dragon scales
rPois   .            H - +0 hat {SInv}
rElec   .            o - scarf {repulsion}
rCorr   +            j - +1 pair of gloves
SInv    +            (no boots)
Will    +++..        B - amulet of regeneration
Stlth   ++++         l - ring of positive energy
HPRegen 1.15/turn    N - ring "Jihom" {Wiz +Blink Int+3}
MPRegen 0.19/turn

%: repel missiles, reflection, wizardry (x1)
@: very slow
A: amphibious, slowness 1, strong legs 1, +LOS
a: Hop, Renounce Religion, Evoke Blink, Bend Time, Temporal Distortion, Slouch,
Step From Time


You were on level 11 of the Dungeon.
You worshipped Cheibriados.
Cheibriados was exalted by your worship.
You visited 1 branch of the dungeon, and saw 12 of its levels.
You also visited: Bailey.

You collected 769 gold pieces.
You spent 175 gold pieces at shops.

Inventory:

Hand Weapons
 e - a +0 dagger of electrocution
 h - the +8 whip of Action (weapon) {protect, Fragile Will+++ Int+4 SInv}
   (You found it on level 2 of the Dungeon)

   Int:       It affects your intelligence (+4).
   SInv:      It lets you see invisible.
   Fragile:   It will be destroyed if unequipped.
   Will:      It greatly increases your willpower.
 i - a +0 broad axe
 q - the +6 arbalest "Damnation" {damnation}
   (You found it in a bailey)
 E - the +0 quarterstaff of Courage {freeze, Will- Dex+8}
   (You found it on level 7 of the Dungeon)

   Dex:       It affects your dexterity (+8).
   Will:      It decreases your willpower.
 P - the +3 morningstar of the Tomato {freeze, Drain Fly rCorr Str+3}
   (You found it on level 11 of the Dungeon)

   Str:       It affects your strength (+3).
   Fly:       It grants you flight.
   rCorr:     It protects you from acid and corrosion.
   Drain:     It drains your maximum health when unequipped.
Missiles
 g - 26 poisoned darts
 K - 8 curare-tipped darts
Armour
 a - a +0 robe
 c - the +3 warlock's mirror (worn) {omnireflect}
   (You acquired it in a bailey)

   Omnireflect: It can block and reflect piercing ranged attacks and magical
   attacks against the wielder's willpower.
 d - a +2 leather armour of willpower
 j - a +1 pair of gloves (worn)
 n - a +0 cloak
 o - a scarf of repulsion (worn)
 s - the +1 leather armour of Ryrinelate {Rampage rElec Dex-5 SInv}
   (You found it on level 4 of the Dungeon)

   Dex:       It affects your dexterity (-5).
   rElec:     It insulates you from electricity.
   SInv:      It lets you see invisible.
   Rampage:   It bestows one free step when moving towards enemies.
   Cheibriados disapproves of the use of such an item.
 y - the +8 plate armour of Too Many Cooks {+Blink rElec Int+2 Stlth-}
   (You took it off an orc warrior in a bailey)

   Int:       It affects your intelligence (+2).
   rElec:     It insulates you from electricity.
   +Blink:    It lets you blink.
   Stlth:     It makes you less stealthy.
 H - a +0 hat of see invisible (worn)
 I - +0 acid dragon scales (worn)
 Q - an orb of light
 R - a +1 helmet
Magical Staves
 M - a staff of fire
Jewellery
 l - a ring of positive energy (left hand)
 B - an amulet of regeneration (around neck)
 N - the ring "Jihom" (right hand) {Wiz +Blink Int+3}
   (You acquired it on level 10 of the Dungeon)

   [ring of wizardry]

   It improves your spell success rate.
   Int:       It affects your intelligence (+3).
   +Blink:    It lets you blink.
Talismans
 J - a maw talisman
Wands
 m - a wand of acid (8)
 x - a wand of mindburst (15)
 L - a wand of charming (8)
Scrolls
 k - 4 scrolls of immolation
 t - 2 scrolls of brand weapon
 u - 3 scrolls of teleportation
 v - a scroll of enchant weapon
 z - a scroll of fear
 C - 2 scrolls of vulnerability
 G - 2 scrolls of enchant armour
 O - a scroll of fog
 S - a scroll of revelation
Potions
 b - 2 potions of magic
 f - 2 potions of curing
 p - 3 potions of heal wounds
 r - 2 potions of brilliance {unknown}
 w - 6 potions of haste {unknown}
 A - 2 potions of ambrosia {unknown}
 D - 2 potions of degeneration {unknown}
 F - a potion of resistance {unknown}


   Skills:
 + Level 7.2 Fighting
 + Level 3.6 Armour
 + Level 7.0 Dodging
 - Level 5.8 Stealth
 + Level 4.7 Shields
 * Level 8.9 Spellcasting
 + Level 6.2 Hexes
 * Level 11.2 Summonings
 + Level 2.6 Translocations
 + Level 6.6 Ice Magic
 + Level 6.1 Air Magic
 + Level 4.6 Invocations


You couldn't memorise any spells.
You knew the following spells:

 Your Spells              Type           Power      Damage    Failure   Level
a - Yara's Violent Unrav  Hex/Tmut       22%        3d10      8%          5
b - Call Imp              Summ           100%       N/A       1%          2
c - Call Canine Familiar  Summ           85%        N/A       1%          3
d - Freeze                Ice            100%       1d10      1%          1
e - Summon Guardian Gole  Hex/Summ       75%        N/A       1%          3
f - Tukima's Dance        Hex            63%        N/A       1%          3
g - Summon Lightning Spi  Summ/Air       75%        N/A       1%          4
h - Summon Mana Viper     Hex/Summ       75%        N/A       1%          5
i - Blink                 Tloc           82%        N/A       1%          2

Your spell library contained the following spells:

 Spells                   Type           Power      Damage    Failure   Level
 Shock                    Conj/Air       100%       1d9       1%          1
 Summon Small Mammal      Summ           100%       N/A       1%          1
 Lesser Beckoning         Tloc           82%        N/A       1%          2
 Sublimation of Blood     Necr           18%        N/A       1%          2
 Dazzling Flash           Conj/Hex       88%        N/A       1%          3
 Frozen Ramparts          Ice            100%       1d16      1%          3
 Gell's Gravitas          Tloc           41%        N/A       1%          3
 Hailstorm                Conj/Ice       46%        3d11      1%          3
 Inner Flame              Hex/Fire       44%        N/A       1%          3
 Ozocubu's Armour         Ice            65%        N/A       1%          3
 Portal Projectile        Hex/Tloc       100%       N/A       1%          3
 Swiftness                Air            63%        N/A       1%          3
 Teleport Other           Tloc           41%        N/A       1%          3
 Volatile Blastmotes      Fire/Tloc      60%        2d15      1%          3
 Airstrike                Air            31%        2d(5-21)  1%          4
 Summon Ice Beast         Ice/Summ       76%        N/A       1%          4
 Metabolic Englaciation   Hex/Ice        32%        N/A       1%          5
 Manifold Assault         Tloc           41%        N/A       3%          4
 Iskenderun's Mystic Bla  Conj/Tloc      30%        2d8       6%          4
 Petrify                  Tmut/Erth      18%        N/A       11%         4
 Irradiate                Conj/Tmut      9%         3d14      26%         5
 Simulacrum               Ice/Necr       23%        N/A       36%         6
 Starburst                Conj/Fire      9%         6d5       80%         6
 Maxwell's Capacitive Co  Air            31%        ∞         99%         8


Dungeon Overview and Level Annotations

Branches:
Dungeon (12/15)            Temple (0/1) D:6            Lair (0/5) D:9
    Orc (0/2) D:11         Bailey (visited)

Altars:
Cheibriados
Ru

Shops:
D:1 ??[=   D:5 [

Portals:
Trove: D:10 (give +2 gold dragon scales)

Annotations:
D:12 Azrael


Innate Abilities, Weirdness & Mutations

You are amphibious.
You cover ground slowly.
You can hop short distances.
You have an extended range of vision and can be seen from far away.


Message History

The bolt of electricity hits Azrael!!
Your +0 morningstar hits the white ugly thing!
The hell hound breathes flames at you. The blast of flame hits you!
* * * LOW HITPOINT WARNING * * *
The blast of flame hits your lightning spire.
Your lightning spire resists.
Your mana viper bites the white ugly thing!
The white ugly thing tail-slaps your mana viper!
The white ugly thing freezes your mana viper!
Azrael's eyes look fiery.
The fire elemental hits you. The fire elemental burns you!
* * * LOW HITPOINT WARNING * * *
Your +0 morningstar hits the white ugly thing!
Your guardian golem overheats!
There is a stone staircase leading up here.
Unknown command.
Unknown command.
Unknown command.
Unknown command.
You block the hell hound's attack.
Your mana viper bites the white ugly thing!
The white ugly thing dies!
Cheibriados appreciates the change of pace.
You block the fire elemental's attack. The hell hound breathes flames at you.
The blast of flame hits the hell hound.
The hell hound completely resists.
The blast of flame hits you!!
* * * LOW HITPOINT WARNING * * *
The blast of flame hits your warg! Flame seeps out of your guardian golem.
The hell hound barely misses you.
Your guardian golem is engulfed in blazing flames.
Flame seeps out of your guardian golem.
You climb upwards.
Your summoned ally is left behind.
There is a stone staircase leading down here.
As you read the scroll of fear, it crumbles to dust.
You assume a fearsome visage.
The fire elemental is unaffected.
The hell hound looks frightened!
The fire elemental hits you. The fire elemental burns you!
You die...

.......# ####.##.###...#.#...#
..)....# ###..........###...###.
.......####..........#.#.#.#.#.#.
..)....#....#..........##.#.#.##.
.......#.####.......###..#.#.#..#
.........# #.......#...#.#.#.#..
.......### #.......###..#.#.#..#
.......# #....h.....##.#.#.##.
.......# #..E@....#.#)#.#.#.#.
#.###### ###.###....###...###.
#...### #..#..###...#.#...#
###...# ######....###.#.#.#)#.#
#####'#####..........##...###...#
.........##......................
.........##.........###....#..<..
..........#.........######.#####.
....................##.+.#...#.#.


You could see a fire elemental and a hell hound (fleeing).

Vanquished Creatures
  An orc sorcerer (Bailey)
  An orc warrior (Bailey)
  4 electric eels (Bailey)
  Crazy Yiuf (D:4)
  3 gnolls
  5 orcs
  A bat (D:1)
  2 endoplasms
  6 hobgoblins
  A frilled lizard (D:2)
25 creatures vanquished.

Vanquished Creatures (collateral kills)
  Gastronok (D:8)
  2 boulder beetles (D:11)
  An orc knight (D:11)
  An ugly thing (D:12)
  A gargoyle (D:12)
  An unseen horror (D:11)
  A kobold demonologist (Bailey)
  Maggie (D:8)
  A komodo dragon (D:11)
  A hornet (D:8)
  A vampire (D:11)
  2 shadows
  A wraith (D:11)
  6 yaks
  2 wyverns
  2 vampire mosquitoes
  7 steam dragons
  2 acid dragons
  8 water moccasins
  A hell hound (D:12)
  17 orc warriors
  2 ice beasts
  3 sky beasts
  4 black bears
  3 ogres (D:4)
  A centaur (D:11)
  A kobold brigand (D:9)
  4 bullfrogs
  2 gnoll sergeants
  3 scorpions
  2 wights
  A killer bee (D:8)
  8 howler monkeys
  An electric eel (Bailey)
  2 gnoll boudas
  11 orc priests
  A hound (D:6)
  3 jellies
  2 sleepcaps
  9 orc wizards
  20 gnolls
  5 adders
  A white imp (D:8)
  5 worms
  6 dart slugs
  66 orcs
  5 endoplasms
  2 giant cockroaches
  12 goblins
  6 hobgoblins
  8 jackals
  13 kobolds
  3 quokkas
  8 ball pythons
  4 bats
  3 frilled lizards
  4 rats
294 creatures vanquished.

Vanquished Creatures (others)
  2 two-headed ogres
  An orc knight (Bailey)
  A gargoyle (D:11)
  A vampire (D:11)
  A yak (D:11)
  Eustachio (D:5)
  2 dancing weapons
  Duvessa (D:7)
  6 orc warriors
  A sky beast (D:6)
  An ogre (D:7)
  2 kobold brigands
  Dowan (D:7)
  A howler monkey (D:8)
  2 gnoll boudas
  An iguana (D:7)
  2 orc wizards (D:8)
  3 gnolls (D:5)
  5 orcs
  A hobgoblin (Bailey)
  2 goblins (Bailey)
38 creatures vanquished.

Grand Total: 357 creatures vanquished

Notes
Turn   | Place    | Note
-------+----------+-------------------------------------------
     0 | D:1      | arthad the Barachi Summoner began the quest for the Orb.
     0 | D:1      | Reached XP level 1. HP: 13/13 MP: 3/3
   126 | D:1      | Reached XP level 2. HP: 19/19 MP: 0/5
   223 | D:1      | Learned a level 2 spell: Call Imp
   257 | D:1      | Found Urhir's Magic Scroll Boutique.
   265 | D:1      | Found Teesin's Magic Scroll Shop.
   294 | D:1      | Found Wiabi's Antique Armour Shoppe.
   302 | D:1      | Reached skill level 5 in Summonings
   350 | D:1      | Found Lofuimapn's Jewellery Emporium.
  1013 | D:1      | Reached XP level 3. HP: 25/25 MP: 1/6
  1017 | D:1      | Learned a level 3 spell: Call Canine Familiar
  1555 | D:2      | Identified the +8 whip of Action {protect, Fragile Will+++
                  | Int+4 SInv}
  2052 | D:2      | Learned a level 1 spell: Freeze
  2237 | D:2      | Reached XP level 4. HP: 28/31 MP: 8/8
  2631 | D:3      | Reached skill level 1 in Fighting
  2969 | D:3      | Reached skill level 1 in Air Magic
  3188 | D:4      | Identified the +1 leather armour of Ryrinelate {Rampage
                  | rElec Dex-5 SInv}
  3286 | D:4      | Noticed an ogre
  3290 | D:4      | Killed an ogre
  3291 | D:4      | Reached skill level 1 in Hexes
  3291 | D:4      | Reached skill level 1 in Ice Magic
  3291 | D:4      | Reached XP level 5. HP: 36/37 MP: 9/9
  3370 | D:4      | Found a snail-covered altar of Cheibriados.
  3372 | D:4      | Found a sacrificial altar of Ru.
  3415 | D:4      | Became a worshipper of Cheibriados the Contemplative
  3531 | D:4      | Noticed an ogre
  3539 | D:4      | Killed an ogre
  3540 | D:4      | Reached skill level 6 in Summonings
  3540 | D:4      | Reached XP level 6. HP: 44/44 MP: 7/11
  3605 | D:4      | Noticed a black bear
  3616 | D:4      | Killed a black bear
  3647 | D:4      | Learned a level 3 spell: Summon Guardian Golem
  3711 | D:4      | Reached XP level 7. HP: 50/50 MP: 12/12
  4097 | D:4      | Found a runed translucent door.
  4098 | D:4      | Noticed Crazy Yiuf
  4173 | D:4      | Reached * piety under Cheibriados
  4251 | D:4      | Learned a level 3 spell: Tukima's Dance
  4382 | D:4      | Killed Crazy Yiuf
  4519 | D:5      | Entered Level 5 of the Dungeon
  4782 | D:5      | Found Dosu's Armour Shop.
  4880 | D:5      | Noticed Eustachio
  4884 | D:5      | Reached XP level 8. HP: 58/58 MP: 5/14
  4893 | D:5      | Killed Eustachio
  4894 | D:5      | Reached skill level 7 in Summonings
  4894 | D:5      | Reached skill level 1 in Invocations
  5258 | D:5      | Reached ** piety under Cheibriados
  5640 | D:6      | Found a staircase to the Ecumenical Temple.
  5688 | D:6      | Reached skill level 5 in Spellcasting
  6532 | D:7      | Reached XP level 9. HP: 65/65 MP: 3/17
  6966 | D:7      | Reached skill level 8 in Summonings
  7024 | D:7      | Identified the +0 quarterstaff of Courage {freeze, Will-
                  | Dex+8}
  7103 | D:7      | Noticed Duvessa
  7111 | D:7      | Noticed Dowan
  7125 | D:7      | Killed Duvessa
  7130 | D:7      | Killed Dowan
  7442 | D:8      | Reached *** piety under Cheibriados
  7446 | D:8      | Found a flagged portal.
  7471 | Bailey   | Entered a bailey
  7627 | Bailey   | Acquired the +3 warlock's mirror {omnireflect}
  7627 | Bailey   | Found the +3 warlock's mirror {omnireflect}
  7665 | Bailey   | Noticed an orc sorcerer
  7667 | Bailey   | Noticed a smoke demon
  7692 | Bailey   | Reached skill level 5 in Dodging
  7738 | Bailey   | Noticed an orange demon
  7754 | Bailey   | Killed an orc sorcerer
  7755 | Bailey   | Reached skill level 5 in Fighting
  7755 | Bailey   | Reached skill level 1 in Shields
  7755 | Bailey   | Reached XP level 10. HP: 70/74 MP: 5/19
  7852 | Bailey   | Identified the +8 plate armour of Too Many Cooks {+Blink
                  | rElec Int+2 Stlth-}
  7856 | Bailey   | Noticed a kobold demonologist
  7872 | Bailey   | Noticed an orange demon
  7873 | Bailey   | Noticed a smoke demon
  7934 | Bailey   | Noticed an orc knight
  7950 | Bailey   | Killed an orc knight
  7951 | Bailey   | Reached skill level 9 in Summonings
  8175 | Bailey   | Found an iron altar of Okawaru.
  8198 | Bailey   | Killed a kobold demonologist
  8210 | Bailey   | Got the Octavo of the Iceberg and Charms
  8328 | Bailey   | Reached **** piety under Cheibriados
  8387 | Bailey   | Reached skill level 5 in Ice Magic
  8434 | Bailey   | Reached skill level 5 in Stealth
  8560 | D:8      | Learned a level 4 spell: Summon Lightning Spire
  8566 | D:8      | Learned a level 5 spell: Summon Mana Viper
  8789 | D:8      | Noticed Gastronok
  8808 | D:8      | Killed Gastronok
  8809 | D:8      | Reached skill level 5 in Hexes
  8809 | D:8      | Reached skill level 5 in Air Magic
  8809 | D:8      | Reached XP level 11. HP: 76/81 MP: 8/22
  8809 | D:8      | Noticed Maggie
  8883 | D:8      | Killed Maggie
  9608 | D:8      | Reached skill level 1 in Armour
  9610 | D:8      | Noticed a two-headed ogre
  9610 | D:8      | Reached ***** piety under Cheibriados
  9612 | D:8      | Reached skill level 10 in Summonings
  9614 | D:8      | Killed a two-headed ogre
 10125 | D:8      | Learned a level 2 spell: Blink
 10724 | D:9      | Found a staircase to the Lair.
 10887 | D:9      | Reached skill level 1 in Translocations
 11773 | D:10     | Entered Level 10 of the Dungeon
 11874 | D:10     | Reached ****** piety under Cheibriados
 12150 | D:10     | Acquired the ring "Jihom" {Wiz +Blink Int+3}
 12379 | D:10     | Found a portal to a secret trove of treasure.
 13033 | D:11     | Found a staircase to the Orcish Mines.
 13068 | D:11     | Noticed a boulder beetle
 13068 | D:11     | Noticed a two-headed ogre
 13075 | D:11     | Killed a two-headed ogre
 13106 | D:11     | Killed a boulder beetle
 13107 | D:11     | Reached XP level 12. HP: 89/89 MP: 7/24
 13392 | D:11     | Noticed a boulder beetle
 13403 | D:11     | Killed a boulder beetle
 13661 | D:11     | Identified the +3 morningstar of the Tomato {freeze, Drain
                  | Fly rCorr Str+3}
 13763 | D:11     | Reached skill level 11 in Summonings
 14124 | D:11     | Learned a level 5 spell: Yara's Violent Unravelling
 14517 | D:12     | Noticed Azrael
 14858 | D:1      | Bought 3 scrolls of identify for 78 gold pieces
 14868 | D:1      | Bought a scroll of revelation for 97 gold pieces
 15104 | D:12     | HP: 1/91 [hell hound/blast of flame[Azrael] (18)]
 15106 | D:11     | Mangled by a fire elemental

Illustrated notes

Levels and vault maps discovered:
D:1:      dpeg_arrival_pits, layout_basic, serial_shops, nicolae_shop_trees,
          nicolae_square_shop, nicolae_shop_tiny_statue_garden,
          nicolae_shop_waterfront, serial_bayou_crossing
D:2:      layout_basic
D:3:      corexii_shack_village, layout_rooms, glass_columns_b
D:4:      layout_loops_cross, jmf_multi_god_temple, st_stairs_8,
          uniq_crazy_yiuf_cottage
D:5:      layout_basic, nicolae_stop_n_shop_1, skrybe_limestone_x,
          uniq_eustachio
D:6:      layout_cave_pods, temple_pool_b
D:7:      layout_rooms, minmay_misc_feat_diagonals, uniq_duvessa
D:8:      layout_basic, enter_bailey_2, kennysheep_kite_vault, uniq_maggie,
          uniq_gastronok
D:9:      minmay_evil_eye, layout_layer_cave, due_lair_maze_entry_diamond
D:10:     layout_grid_maze, enter_trove_3
D:11:     layout_roguey [special_room_orc], david_orc_5, minmay_starry_boxes
D:12:     layout_cave_pools, uniq_azrael

Skill      XL: |  1  2  3  4  5  6  7  8  9 10 11 12 |
---------------+-------------------------------------+-----
Stealth        | 2 3 4 5 |  5.8
Summonings     | 5 6 7 8 9 10 11 | 11.2
Spellcasting   | 3 4 5 6 7 8 |  8.9
Fighting       | 1 2 3 5 6 7 |  7.2
Air Magic      | 1 2 3 4 5 6 |  6.1
Dodging        | 3 4 5 6 7 |  7.0
Hexes          | 1 2 3 4 5 6 |  6.2
Ice Magic      | 1 2 3 4 5 6 |  6.6
Invocations    | 1 2 3 4 |  4.6
Shields        | 1 2 4 |  4.7
Armour         | 2 3 |  3.6
Translocations | 1 2 |  2.6

Action                     |  1- 3 |  4- 6 |  7- 9 | 10-12 || total
---------------------------+-------+-------+-------+-------++-------
  Melee: Unarmed           |     7 |       |       |       ||     7
         Dagger            |     9 |       |       |       ||     9
         Whip              |     2 |     7 |    31 |    39 ||    79
         Punch             |       |       |     1 |       ||     1
   Cast: Summon Small Mamm |    37 |    10 |    24 |       ||    71
         Call Imp          |    12 |     7 |    22 |     6 ||    47
         Call Canine Famil |     8 |    12 |    36 |    42 ||    98
         Summon Guardian G |       |       |    24 |    41 ||    65
         Tukima's Dance    |       |       |     8 |     7 ||    15
         Summon Lightning  |       |       |       |    66 ||    66
         Summon Mana Viper |       |       |       |    29 ||    29
  Evoke: Wand              |       |       |     5 |     3 ||     8
    Use: Scroll            |       |       |    12 |     7 ||    19
         Potion            |       |       |       |     3 ||     3
   Stab: Sleeping          |       |       |     1 |       ||     1
         Distracted        |       |       |       |     1 ||     1
 Armour: Robe              |     3 |     3 |    23 |     5 ||    34
         Acid dragon scale |       |       |       |    18 ||    18
  Dodge: Dodged            |    19 |    11 |    44 |    57 ||   131
         Repelled          |       |       |       |     2 ||     2
  Block: Buckler           |       |       |     7 |    60 ||    67
         Reflection        |       |       |     3 |     7 ||    10

Table legend: (Time is in decaauts)
 A = Elapsed time spent in this place.
 B = Non-inter-level travel time spent in this place.
 C = Inter-level travel time spent in this place.
 D = Time resting spent in this place.
 E = Time spent auto-exploring this place.
 F = Levels seen in this place.
 G = Mean time per level.
                   A        B        C        D        E       F      G
               +--------+--------+--------+--------+--------+-----+--------+
         Total |  22046 |  20226 |   1820 |    516 |  16348 |  13 | 1695.8 |
       Dungeon |  20629 |  18809 |   1820 |    369 |  15671 |  12 | 1719.1 |
        Bailey |   1416 |   1416 |      0 |    147 |    677 |   1 | 1416.0 |
               +--------+--------+--------+--------+--------+-----+--------+

Top non-repeatable levels by time:
     D:9: 3006 daAuts
    D:11: 2957 daAuts
     D:8: 2693 daAuts
    D:10: 1920 daAuts
     D:4: 1766 daAuts
     D:1: 1740 daAuts
     D:6: 1645 daAuts
     D:5: 1482 daAuts
  Bailey: 1416 daAuts
     D:2: 1251 daAuts
     D:7: 1238 daAuts
     D:3: 895 daAuts
    D:12: 30 daAuts
